 Dungeon Crawl Stone Soup version 0.30.1-3-gfc49f6343a (webtiles) character file.

Game seed: 15978095893500654020

239 monsoonserge the Magician (level 6, 0/40 HPs)
             Began as a Djinni Venom Mage on Aug 6, 2023.
             Slain by a phantom (2 damage)
             ... on level 4 of the Dungeon.
             The game lasted 00:16:19 (3200 turns).

monsoonserge the Magician (Djinni Venom Mage)       Turns: 3200, Time: 00:16:19

Health: 0/40       AC:  7    Str:  7    XL:     6   Next: 29%
Gold:   177        EV: 10    Int: 19    God:
                   SH:  0    Dex: 17

rFire   + + .        m - +1 war axe "Eschuon" {vamp, rElec rPois Dex+4}
rCold   x . .        (no shield)
rNeg    . . .        p - +0 ring mail of the Jumping Gods {rCorr}
rPois   ∞            a - +0 helmet
rElec   +            (no cloak)
rCorr   +            c - +0 pair of gloves
SInv    .            (boots unavailable)
Will    .....        (no amulet)
Stlth   +            (no ring)
HPRegen 0.26/turn    (no ring)
MPRegen 0.00/turn

%: clarity, infuse magic (-1 HP)
@: mighty, flying
A: sickness immunity, fire resistance 2, cold vulnerability 1, float, innate
caster, HP casting, extra vitality 1, clarity, mutation resistance 1
a: no special abilities


You were on level 4 of the Dungeon.
You visited 1 branch of the dungeon, and saw 4 of its levels.

You collected 177 gold pieces.

Inventory:

Hand Weapons
 m - the +1 war axe "Eschuon" (weapon) {vamp, rElec rPois Dex+4}
   (You found it on level 2 of the Dungeon)

   Dex:       It affects your dexterity (+4).
   rElec:     It insulates you from electricity.
   rPois:     It protects you from poison.
Missiles
 e - 10 poisoned darts
Armour
 a - a +0 helmet (worn)
 c - a +0 pair of gloves (worn)
 p - the +0 ring mail of the Jumping Gods (worn) {rCorr}
   (You found it on level 2 of the Dungeon)

   rCorr:     It protects you from acid and corrosion.
Magical Staves
 s - a staff of earth
Scrolls
 b - a scroll of vulnerability {unknown}
 g - 5 scrolls of identify {unknown}
 j - a scroll of magic mapping {unknown}
 l - a scroll of teleportation {unknown}
 n - a scroll of enchant weapon {unknown}
 o - 3 scrolls of blinking {unknown}
 q - a scroll of fog {unknown}
 r - a scroll of enchant armour {unknown}
 t - a scroll of torment {unknown}
Potions
 d - a potion of haste {unknown}
 f - 3 potions of curing
 h - a potion of cancellation
 i - a potion of might
 k - a potion of mutation


   Skills:
 + Level 0.1 Fighting
 + Level 0.8 Short Blades
 + Level 0.5 Axes
 * Level 1.0 Armour
 + Level 2.3 Dodging
 + Level 1.7 Stealth
 * Level 4.6 Spellcasting


You knew the following spells:

 Your Spells              Type           Power      Damage    Failure   Level
a - Sting                 Tmut/Pois      88%        1d7       6%          1
b - Poisonous Vapours     Pois/Air       44%        N/A       10%         2
c - Mephitic Cloud        Conj/Pois/Air  22%        N/A       19%         3
d - Olgreb's Toxic Radia  Pois           22%        N/A       54%         4
e - Necrotise             Necr           88%        1d8       6%          1
f - Searing Ray           Conj           44%        2d6       10%         2
Your spell library was empty.

Dungeon Overview and Level Annotations

Branches:
Dungeon (4/15)
 Temple: D:4-7

Altars:
Uskayaw
Wu Jian

Annotations:
D:4 Crazy Yiuf


Innate Abilities, Weirdness & Mutations

You are immune to sickness and miasma.
You are immune to poison.
Your flesh is very heat resistant. (rF++)
You are vulnerable to cold. (rC-)
You float through the air rather than walking.
You learn spells naturally, not from books.
Your magical power is your life essence.
You have superior vitality. (+4 MHP)
You possess an exceptional clarity of mind.
You are somewhat resistant to further mutation.


Message History

Press: ? - help, Shift-Dir - straight line, f - goblin
Aim: a goblin, wielding a +0 whip (chance to affect: 91%)
The goblin writhes in agony!
You kill the goblin!
* * * LOW HITPOINT WARNING * * *
The dead are walking!
You barely miss the phantom. The phantom barely misses you.
Your goblin skeleton hits Crazy Yiuf but does no damage.
You barely miss the phantom.
The phantom hits you but does no damage. x2
It was a potion of curing.
You feel better. The phantom misses you.
Crazy Yiuf cries, "You leg down broken song, no?"
You barely miss the phantom.
The phantom hits you but does no damage.
Crazy Yiuf says, "Trifle high leg!"
You barely miss the phantom. You hit Crazy Yiuf.
You feel better. Crazy Yiuf misses you. The phantom hits you.
Crazy Yiuf hits you with a +2 quarterstaff of chaos!
* * * LOW HITPOINT WARNING * * *
Crazy Yiuf burns you.
* * * LOW HITPOINT WARNING * * *
The phantom hits you.
* * * LOW HITPOINT WARNING * * *
It was a potion of cancellation.
Your magical effects are unravelling.
You feel magically purged.
You feel a little less mighty now.
Your goblin skeleton hits Crazy Yiuf but does no damage.
The phantom barely misses you.
Crazy Yiuf hits you with a +2 quarterstaff of chaos!
* * * LOW HITPOINT WARNING * * *
It was a potion of might.
You feel very mighty all of a sudden. The phantom misses you.
Your goblin skeleton hits Crazy Yiuf but does no damage.
Crazy Yiuf closely misses you.
It was a potion of mutation.
You feel extremely strange.
Your thoughts seem clearer.
You feel genetically stable. The phantom hits you.
You die...

..# #)# #.#
#....# ### #.#
#.#####..#####
#.#
##...#.......#
#.#
#...#.......#
#.#
#)##)..........
#.#
#.###.......###
#.# #Z#
##........
#########.# #g#
##...#...)
..........# #@#
##.##.###
#..######## #W#
## # ...# #?#
##.######## #.#
..h........ #.#
.....##### #.#
.#.#.# #.#
.#.#.# #.#
.#.#hZ


You could see a phantom, Crazy Yiuf (ally target) and a friendly goblin
skeleton.

Vanquished Creatures
  Edmund (D:4)
  3 adders
  A worm (D:2)
  A dart slug (D:2)
  3 orcs
  6 ball pythons
  9 endoplasms
  3 giant cockroaches
  10 goblins
  6 hobgoblins
  5 jackals
  3 quokkas (D:2)
  8 bats
  4 frilled lizards
  12 kobolds
  2 rats (D:1)
77 creatures vanquished.

Vanquished Creatures (collateral kills)
  An endoplasm (D:2)
1 creature vanquished.

Grand Total: 78 creatures vanquished

Notes
Turn   | Place    | Note
-------+----------+-------------------------------------------
     0 | D:1      | monsoonserge the Djinni Venom Mage began the quest for the
                  | Orb.
     0 | D:1      | monsoonserge set off with the following spells memorised:
                  | Sting, Poisonous Vapours, Mephitic Cloud, Olgreb's Toxic
                  | Radiance.
     0 | D:1      | Reached XP level 1. HP: 15/15 MP: 0/0
   131 | D:1      | Reached XP level 2. HP: 17/21 MP: 0/0
   471 | D:1      | Reached skill level 3 in Spellcasting
   587 | D:1      | Reached XP level 3. HP: 25/25 MP: 0/0
   587 | D:1      | Learned a level 1 spell: Necrotise
  1562 | D:2      | Reached XP level 4. HP: 27/31 MP: 0/0
  1775 | D:2      | Identified the +0 ring mail of the Jumping Gods {rCorr}
  1938 | D:2      | Identified the +1 war axe "Eschuon" {vamp, rElec rPois
                  | Dex+4}
  2138 | D:3      | Found a faded altar of an unknown god.
  2238 | D:3      | Found an ornate altar of the Wu Jian Council.
  2259 | D:3      | Identified the +1 leather armour of the Alphagorgon {-Tele
                  | *Corrode rPois Slay+5}
  2359 | D:3      | Noticed a +0 spear
  2359 | D:3      | Noticed a +0 spear
  2359 | D:3      | Noticed a +0 short sword
  2361 | D:3      | Noticed a +0 falchion
  2361 | D:3      | Noticed a +0 dagger
  2362 | D:3      | Noticed a +0 short sword
  2362 | D:3      | Noticed a +0 dagger
  2362 | D:3      | Noticed a +0 falchion
  2369 | D:3      | Found a hide-covered altar of Uskayaw.
  2670 | D:4      | Noticed Edmund
  2690 | D:4      | Killed Edmund
  2691 | D:4      | Reached skill level 4 in Spellcasting
  2691 | D:4      | Reached XP level 5. HP: 27/35 MP: 0/0
  2691 | D:4      | Learned a level 2 spell: Searing Ray
  2691 | D:4      | Reached XP level 6. HP: 31/40 MP: 0/0
  2814 | D:4      | Reached skill level 1 in Armour
  2974 | D:4      | Noticed a yak
  3052 | D:4      | Noticed a yak
  3166 | D:4      | Found a runed translucent door.
  3167 | D:4      | Noticed Crazy Yiuf
  3198 | D:4      | HP: 1/40 [Crazy Yiuf/+2 quarterstaff of chaos (7)]
  3200 | D:4      | Gained mutation: You possess an exceptional clarity of
                  | mind. [potion of mutation]
  3200 | D:4      | Gained mutation: You are somewhat resistant to further
                  | mutation. [potion of mutation]
  3200 | D:4      | Slain by a phantom

Illustrated notes

Levels and vault maps discovered:
D:1:      lightli_arrival_chessboard, layout_basic, serial_bayou_lagoon_a,
          lemuel_flame_loot_1
D:2:      layout_basic
D:3:      layout_basic, nicolae_uskayaw_en_pointe, nzn_wu_jian_contemplation,
          shapermc_ecumenical_altar_starsandcircs
D:4:      layout_loops_ring, serial_shops, kennysheep_little_box, uniq_edmund,
          uniq_crazy_yiuf_cottage

Skill      XL: |  1  2  3  4  5  6 |
---------------+-------------------+-----
Spellcasting   | 3 4 |  4.6
Armour         | 1 |  1.0
Fighting       | |  0.1
Short Blades   | |  0.8
Axes           | |  0.5
Dodging        | |  2.3
Stealth        | |  1.7

Action                     |  1- 3 |  4- 6 || total
---------------------------+-------+-------++-------
  Melee: Unarmed           |     1 |       ||     1
         Mace              |     4 |       ||     4
         Dagger            |     3 |     2 ||     5
         War axe           |       |    24 ||    24
   Cast: Sting             |    55 |    16 ||    71
         Poisonous Vapours |     6 |    16 ||    22
         Necrotise         |     4 |    43 ||    47
         Mephitic Cloud    |       |     3 ||     3
         Searing Ray       |       |     1 ||     1
    Use: Potion            |       |     4 ||     4
   Stab: Sleeping          |       |     1 ||     1
 Armour: Robe              |    11 |       ||    11
         Ring mail         |       |    16 ||    16
  Dodge: Dodged            |    18 |    31 ||    49
